 Dungeon Crawl Stone Soup version 0.32-a0-898-g7811c86cf0 (webtiles) character file.

Game seed: 1755209950239782908

373139 olmar the Metallomancer (level 21, -1/161 HPs)
             Began as a Mountain Dwarf Earth Elementalist on Apr 2, 2024.
             Was the Champion of the Shining One.
             Slain by a sun demon (13 damage)
             ... on level 4 of the Depths on Apr 4, 2024.
             The game lasted 02:22:58 (73628 turns).

olmar the Metallomancer (MDEE)                     Turns: 73628, Time: 02:22:59

Health: -1/161     AC: 35    Str: 24    XL:     21   Next: 73%
Magic:  2/53       EV:  7    Int: 26    God:    the Shining One [******]
Gold:   1300       SH:  0    Dex: 11    Spells: 26/59 levels left

rFire   + . .        o - staff of the Pits of Slime {rPois Will- Summ Air Earth}
rCold   . . .        (no shield)
rNeg    + + +        a - +10 plate armour of Ceviluh {+Blink rCorr MP+9}
rPois   +            N - +2 hat of the Apothecary {^Drain +Inv Will++ Dex+3}
rElec   +            p - +2 cloak "Dukom" {rElec Will+}
rCorr   +            E - +2 pair of gloves of Instinct {rN++ Regen+ Str+3 Int-4}
SInv    .            (no boots)
Will    +++++        B - amulet of the Establishment {rF+ RegenMP+ Int+2 Slay-6} Stlth
                     u - +6 ring of strength
HPRegen 1.26/turn    T - ring "Xezeggur" {rElec Will+ Int+5}
MPRegen 0.73/turn

%: no passive effects
@: very slightly contaminated, glowing, studying Shapeshifting
A: runic magic, artefact enchanting, clumsy 1, inability to read after injury 1
}: 2/15 runes: serpentine, barnacled
a: Renounce Religion, Evoke Blink, Evoke Invisibility, Divine Shield, Cleansing
Flame, Summon Divine Warrior, Brand Weapon With Holy Wrath


You were on level 4 of the Depths.
You worshipped the Shining One.
The Shining One was exalted by your worship.
You visited 8 branches of the dungeon, and saw 38 of its levels.
You visited 2 bazaars.
You also visited: Bailey.

You collected 4737 gold pieces.
You spent 3437 gold pieces at shops.

Inventory:

Hand Weapons
 m - the +6 falchion "Giant's Curse" {flame, rF+++ Will+ rCorr Dex-4}
   (You found it on level 1 of the Shoals)

   Dex-4:     It affects your dexterity (-4).
   rF+++:     It renders you almost immune to fire.
   Will+:     It increases your willpower.
   rCorr:     It protects you from acid and corrosion.
Missiles
 P - 3 curare-tipped darts
Armour
 a - the +10 plate armour of Ceviluh (worn) {+Blink rCorr MP+9}
   (You took it off a deep elf high priest on level 3 of the Elven Halls)

   MP+9:      It affects your magic capacity (+9).
   +Blink:    It lets you blink.
   rCorr:     It protects you from acid and corrosion.
 p - the +2 cloak "Dukom" (worn) {rElec Will+}
   (You bought it in a shop on level 2 of the Depths)

   rElec:     It insulates you from electricity.
   Will+:     It increases your willpower.
 E - the +2 pair of gloves of Instinct (worn) {rN++ Regen+ Str+3 Int-4}
   (You acquired it on level 1 of the Shoals)

   Str+3:     It affects your strength (+3).
   Int-4:     It affects your intelligence (-4).
   rN++:      It greatly protects you from negative energy.
   Regen+:    It increases your rate of health regeneration.
 N - the +2 hat of the Apothecary (worn) {^Drain +Inv Will++ Dex+3}
   (You acquired it on level 4 of the Shoals)

   Dex+3:     It affects your dexterity (+3).
   Will++:    It greatly increases your willpower.
   +Inv:      It lets you turn invisible.
   ^Drain:    It drains your maximum health when unequipped.
Magical Staves
 o - the staff of the Pits of Slime (weapon) {rPois Will- Summ Air Earth}
   (You took it off a yaktaur on level 11 of the Dungeon)

   [staff of earth]

   Base accuracy: +5 Base damage: 5 Base attack delay: 1.2 This weapon's minimum
   attack delay (0.6) is reached at skill level 12.
   rPois:     It protects you from poison.
   Will-:     It decreases your willpower.
   Summ:      It increases the power of your Summonings spells.
   Air:       It increases the power of your Air spells.
   Earth:     It increases the power of your Earth spells.
   It falls into the 'Staves' category.
   It is a one-handed weapon.
 q - a staff of earth
Jewellery
 s - a +6 ring of intelligence
 u - a +6 ring of strength (left hand)
 y - a ring of poison resistance
 B - the amulet of the Establishment (around neck) {rF+ RegenMP+ Int+2 Slay-6}
   (You took it off a deep elf blademaster on level 3 of the Elven Halls)

   [amulet of magic regeneration]

   It increases your rate of magic regeneration.
   Int+2:     It affects your intelligence (+2).
   Slay-6:    It affects your accuracy & damage with ranged weapons and melee
   (-6).
   rF+:       It protects you from fire.
   RegenMP+:  It increases your rate of magic regeneration.
 I - a ring of willpower
 R - the brooch of Shielding {Spirit SH+8}
   (You found it on level 2 of the Lair of Beasts)

   [amulet of guardian spirit]

   Spirit:    It causes incoming damage to be divided between your reserves of
   health and magic.
   SH+8:      It affects your SH (+8).
 S - the ring "Hitt" {rElec rCorr MP+9 Str-3 Stlth+}
   (You took it off a yaktaur on level 11 of the Dungeon)

   [ring of resist corrosion]

   Str-3:     It affects your strength (-3).
   rElec:     It insulates you from electricity.
   MP+9:      It affects your magic capacity (+9).
   rCorr:     It protects you from acid and corrosion.
   Stlth+:    It makes you more stealthy.
 T - the ring "Xezeggur" (right hand) {rElec Will+ Int+5}
   (You bought it in a shop in a bazaar)

   [ring of willpower]

   Int+5:     It affects your intelligence (+5).
   rElec:     It insulates you from electricity.
   Will+:     It increases your willpower.
 U - a ring of wizardry
 Y - a ring of see invisible
Wands
 c - a wand of polymorph (15)
 f - a wand of iceblast (8)
 D - a wand of paralysis (10)
 F - a wand of acid (1)
 J - a wand of digging (15)
 M - a wand of flame (52)
Scrolls
 b - a scroll of poison
 e - 4 scrolls of blinking
 g - 12 scrolls of fog
 h - 7 scrolls of revelation
 j - 2 scrolls of silence
 k - 3 scrolls of teleportation
 l - 3 scrolls of amnesia
 t - a scroll of immolation
 w - 6 scrolls of enchant armour
 x - 5 scrolls of fear
 O - a scroll of summoning
Potions
 i - 6 potions of mutation
 n - 6 potions of enlightenment
 r - 5 potions of haste
 v - 10 potions of might
 z - 3 potions of heal wounds
 A - 3 potions of lignification
 G - 3 potions of attraction
 H - 4 potions of brilliance
 K - 25 potions of curing
 L - a potion of magic
 Q - 5 potions of cancellation
 X - a potion of resistance
Miscellaneous
 d - a condenser vane (inert)
 C - a Gell's gravitambourine (1/2)
 V - a box of beasts (inert)


   Skills:
 + Level 8.3 Fighting
 + Level 3.5 Staves
 + Level 14.0 Armour
 - Level 1.3 Dodging
 - Level 1.4 Stealth
 + Level 19.5 Spellcasting
 + Level 16.5 Conjurations
 - Level 0.2 Ice Magic
 + Level 22.6 Earth Magic
 + Level 2.8 Alchemy
 * Level 8.4 Invocations
 + Level 4.6 Evocations


You had 26 spell levels left.
You knew the following spells:

 Your Spells              Type           Power      Damage    Failure   Level
a - Sandblast             Erth           100%       2d20      0%          1
b - Stone Arrow           Conj/Erth      100%       3d13      0%          3
c - Passwall              Erth           100%       N/A       0%          3
d - Brom's Barrelling Bo  Conj/Erth      100%       2d11      0%          4
e - Petrify               Alch/Erth      95%        N/A       1%          4
f - Iskenderun's Battles  Conj           84%        2d13      1%          5
g - Permafrost Eruption   Ice/Erth       45%        2x4d10    4%          6
h - Orb of Destruction    Conj           42%        9d12      2%          7

Your spell library contained the following spells:

 Spells                   Type           Power      Damage    Failure   Level
 Magic Dart               Conj           100%       1d8       0%          1
 Searing Ray              Conj           100%       2d8       0%          2
 Shock                    Conj/Air       100%       1d9       1%          1
 Sting                    Conj/Alch      100%       1d9       1%          1
 Static Discharge         Conj/Air       100%       3-8/arc   1%          2
 Dazzling Flash           Conj/Hex       100%       N/A       1%          3
 Hailstorm                Conj/Ice       62%        3d11      1%          3
 Fulminant Prism          Conj/Alch      33%        3d16      1%          4
 Irradiate                Conj/Alch      33%        3d22      1%          5
 Arcjolt                  Conj/Air       40%        1d50      2%          5
 Fireball                 Conj/Fire      31%        3d13      2%          5
 Apportation              Tloc           50%        N/A       3%          1
 Necrotise                Necr           100%       1d9       3%          1
 Slow                     Hex            100%       N/A       3%          1
 Summon Small Mammal      Summ           100%       N/A       3%          1
 Cigotuvi's Dreadful Rot  Necr/Alch/Air  90%        N/A       3%          2
 Call Imp                 Summ           76%        N/A       4%          2
 Ensorcelled Hibernation  Hex/Ice        52%        N/A       4%          2
 Sublimation of Blood     Necr           25%        N/A       4%          2
 Confusing Touch          Hex            25%        N/A       9%          3
 Maxwell's Portable Pile  Tloc           25%        2d(7-21)  9%          3
 Sigil of Binding         Hex            25%        N/A       9%          3
 Summon Ice Beast         Ice/Summ       39%        N/A       9%          3
 Swiftness                Air            38%        N/A       9%          3
 Teleport Other           Tloc           25%        N/A       9%          3
 Tukima's Dance           Hex            25%        N/A       9%          3
 Vampiric Draining        Necr           25%        2d7       9%          3
 Volatile Blastmotes      Fire/Tloc      50%        2d14      9%          3
 Conjure Ball Lightning   Conj/Air       40%        3x3d13    16%         6
 Starburst                Conj/Fire      31%        6d9       16%         6
 Airstrike                Air            19%        2d(3-19)  28%         4
 Passage of Golubria      Tloc           25%        N/A       28%         4
 Summon Blazeheart Golem  Fire/Summ      38%        N/A       28%         4
 Vhi's Electric Charge    Tloc/Air       76%        N/A       28%         4
 Yara's Violent Unravell  Hex/Alch       16%        3d8       41%         5
 Summon Forest            Summ/Tloc      19%        N/A       63%         5
 Summon Mana Viper        Hex/Summ       38%        N/A       63%         5
 Spellforged Servitor     Conj/Summ      40%        N/A       63%         7
 Sculpt Simulacrum        Ice/Alch       16%        N/A       93%         6
 Death Channel            Necr           12%        N/A       99%         6
 Dispersal                Tloc           12%        N/A       99%         6
 Gell's Gavotte           Tloc           12%        2d(16-24) 99%         6
 Plasma Beam              Fire/Air       19%        2x1d30    99%         6
 Summon Cactus Giant      Summ           19%        N/A       99%         6
 Manifold Assault         Tloc           12%        N/A       100%        7
 Summon Hydra             Summ           19%        N/A       100%        7
 Disjunction              Tloc           12%        N/A       100%        8
 Maxwell's Capacitive Co  Air            19%        ∞         100%        8
 Summon Horrible Things   Summ           19%        N/A       100%        8
 Fire Storm               Conj/Fire      31%        8d8       100%        9


Dungeon Overview and Level Annotations

Branches:
Dungeon (15/15)            Temple (1/1) D:5            Lair (5/5) D:11
 Shoals (4/4) Lair:3        Snake (4/4) Lair:3        Slime (0/5) Lair:5
    Orc (2/2) D:10            Elf (3/3) Orc:2        Vaults (0/5) D:13
 Depths (4/4) D:15         Bailey (visited)
    Zot: Depths:4

Altars:
Ashenzari
Cheibriados
Dithmenos
Elyvilon
Fedhas
Gozag
Hepliaklqana
Kikubaaqudgha
Makhleb
Nemelex Xobeh
Okawaru
Qazlal
Ru
Sif Muna
Trog
Uskayaw
Vehumet
Wu Jian
Xom
Yredelemnul
Zin
The Shining One
Beogh
Jiyva

Shops:
D:14 ?***   D:15 !(=   Orc:2 !(((   Elf:3 *   Shoals:1 !   Shoals:3 =
Snake:1 [:   Snake:2 :(   Snake:4 **==   Depths:2 [?

Portals:
Hell: Depths:1 Depths:2 Depths:3
Abyss: Depths:1 Depths:2 Depths:3
Pandemonium: Depths:2 Depths:3 Depths:4
Ziggurat: Depths:3

Annotations:
D:4 3 runed translucent doors, Biggs's ghost, amateur CoHu
D:5 2 transporters, ShinQuickMan's ghost, amateur HuCj
D:10 3 runed translucent doors, tinescath's ghost, novice GrEE
D:13 2 runed translucent doors, jamsaran's ghost, journeyman TeSu
Lair:4 exclusion: oklob plant
Shoals:1 2 transporters, Yxiroum's ghost, adept CoHu
Orc:1 4 transporters
Elf:1 3 runed translucent doors, Lorhegae's ghost, veteran FoDe; Viaheush's ghost, journeyman GnWn; Xuahaunu's ghost, adept MfIE
Elf:2 5 runed translucent doors


Innate Abilities, Weirdness & Mutations

Your spellcasting is much less encumbered by armour.
You can use scrolls of enchantment on lesser artefacts.
You are clumsy. (Dex -2)
You occasionally lose the ability to read scrolls when taking damage.


Message History

The sun demon hits you but does no damage.
The sun demon hits you.
* * * LOW HITPOINT WARNING * * *
You are engulfed in flames!
You resist.
* * * LOW HITPOINT WARNING * * *
Unknown command.
You feel much better.
The fire bat bites you but does no damage.
The salamander hits you from afar with a +0 trident.
You are engulfed in flames.
You resist.
* * * LOW HITPOINT WARNING * * *
The sun demon closely misses you. The sun demon hits you.
* * * LOW HITPOINT WARNING * * *
You are engulfed in flames!
You resist.
* * * LOW HITPOINT WARNING * * *
Unknown command.
Unknown command.
Unknown command.
Activating: Cleansing Flame (11% risk of failure)
Press: ? - help, Dir - look around, f - activate The golden flame engulfs you but does no damage.
You resist.
The golden flame engulfs the sun demon!
The sun demon writhes in agony!
The sun demon is almost dead.
The golden flame engulfs the sun demon!!!
The sun demon writhes in agony!
The sun demon is almost dead.
The golden flame engulfs the salamander!
The salamander is heavily wounded.
The golden flame engulfs the fire bat!
The fire bat is heavily wounded.
You hear a deafening roar!
The fire bat bites you but does no damage.
The sun demon hits you!!
* * * LOW HITPOINT WARNING * * *
You are engulfed in flames!
You resist.
* * * LOW HITPOINT WARNING * * *
The salamander hits you but does no damage.
The sun demon hits you!
You die...

*,,,*~~~~≈≈≈.22≈§≈§≈§.#........##
*,,,*,~~~≈≈≈§h§§≈§§§..#..).....##
,,,,*,,~≈≈≈≈≈§§≈≈.....#........##
,,,,*,,,,≈≈§≈§≈≈......#..........
,,,,*,,,.§§≈§§≈.......#..........
,,,,***,...≈≈§......###..........
,,,,* **...§§§N....####..........
,,,,* *#..§§§.33.#####..........
,,,,* #.≈≈§§.b@.#####..........
,,,,* *#≈≈≈≈...######..........
,,,,* ##§§≈...######.[........
,,,,* ##§§§.#######..........
,,,,* #§§..#######..[[.....#
,,,,****** #≈≈§########<[.[....##
,,,,,,,,.###.#.######...).....##.
***,,,,............###.[......#..
*,,,,.#+########.###........#..


You could see a salamander, a hell hog, 2 sun demons and a fire bat.

Vanquished Creatures
  A juggernaut (Depths:2)
  Sojobo (Depths:3)
  Vashnia (Snake:4)
  Saint Roka (Snake:4)
  Nikola (Elf:1)
  2 golden dragons
  2 tentacled monstrosities (Depths:3)
  A walking crystal tome (Depths:2)
  2 deep elf blademasters (Elf:3)
  Asterion (Snake:1)
  2 titans
  2 deep elf master archers (Elf:3)
  A sphinx (Depths:3)
  Gastronok (Lair:3)
  2 shadow dragons
  Roxanne (Elf:3)
  2 tengu reavers (Depths:3)
  A storm dragon (Depths:2)
  Aizul (Snake:3)
  5 fire giants
  6 nagarajas
  A draconian monk (Depths:4)
  7 frost giants
  An iron dragon (Depths:2)
  4 deep elf sorcerers (Elf:3)
  A deep elf elementalist (Elf:3)
  An orc warlord (Orc:2)
  A formless jellyfish (Shoals:4)
  A reaper (Depths:3)
  6 stone giants
  A draconian stormcaller (Depths:4)
  16 very ugly things
  A spriggan defender (Depths:3)
  An ophan (Depths:1)
  8 deep elf demonologists
  Nessos (Lair:3)
  4 vampire knights
  5 deep elf death magi (Elf:3)
  A green draconian (Depths:4)
  2 black draconians (Depths:4)
  2 white draconians (Depths:4)
  Azrael (Snake:3)
  6 deep elf annihilators (Elf:3)
  A spark wasp (Depths:2)
  8 ettins
  Snorg (Lair:3)
  2 jiangshi (Depths:1)
  3 merfolk javelineers (Shoals:4)
  6 ice dragons
  10 fire dragons
  3 deep elf high priests (Elf:3)
  3 hydras
  9 merfolk impalers
  5 vault guards
  A hell beast (Depths:3)
  2 great orbs of eyes (Depths:1)
  3 catoblepae
  3 rakshasas
  2 spriggan air magi
  2 boulder beetles (D:12)
  4 salamander tyrants
  13 two-headed ogres
  4 alligator snapping turtles
  5 centaur warriors
  2 ogre magi
  13 dancing weapons
  2 merfolk aquamancers
  3 deep troll shamans
  2 satyrs (Shoals:4)
  6 anacondas
  4 merfolk avatars
  2 vampire magi (Depths:1)
  9 naga warriors
  A deep troll earth mage (Depths:1)
  3 death yaks (Shoals:2)
  15 naga sharpshooters
  13 tengu warriors
  3 shock serpents
  3 occultists (Depths:1)
  Sonja (Lair:5)
  13 deep elf knights
  7 spriggan berserkers
  18 hell knights
  9 salamander mystics
  13 skeletal warriors
  Amaemon (Lair:1)
  3 iron trolls
  9 skysharks
  11 deep elf archers
  2 spriggan druids (Elf:1)
  6 mana vipers
  7 deep trolls
  7 sea snakes
  4 arcanists (D:13)
  2 goliath frogs (Lair:5)
  A mana viper (shapeshifter) (Elf:1)
  An orb spider (shapeshifter) (Elf:1)
  2 thermic dynamos (Elf:2)
  13 deep elf pyromancers
  A lindwurm (Lair:5)
  5 glowing orange brains
  7 naga ritualists
  3 obsidian bats
  25 deep elf zephyrmancers
  2 necromancers
  4 orc knights
  20 salamanders
  An orc sorcerer (Orc:1)
  10 harpies (Shoals:3)
  4 shining eyes (Depths:1)
  6 fauns
  8 ugly things
  10 cyclopes
  10 elephants
  A meliai (D:12)
  2 kobold blastminers (Orc:2)
  8 merfolk sirens
  12 manticores
  18 black mambas
  5 slime creatures (D:12)
  8 naga magi
  5 guardian serpents
  7 water nymphs
  An eye of devastation (Depths:1)
  An orange demon (Lair:1)
  2 unseen horrors
  A gargoyle (D:10)
  18 cane toads
  13 komodo dragons
  2 yaktaurs
  5 kobold demonologists
  A rime drake (shapeshifter) (D:13)
  Psyche (D:8)
  24 merfolk
  3 tyrant leeches (Lair:5)
  A wind drake (shapeshifter) (Elf:2)
  4 tengu conjurers
  6 polar bears
  8 trolls
  6 hornets
  A glass eye (Depths:1)
  4 snapping turtles
  9 wind drakes
  7 dream sheep
  Prince Ribbit (Bailey)
  29 blink frogs
  2 centaur simulacra (D:11)
  5 water elementals
  A spriggan (shapeshifter) (D:15)
  3 air elementals
  3 wraiths (D:11)
  19 humans
  A shadow (D:10)
  A vampire (D:12)
  6 spriggans
  4 fire bats (Depths:4)
  3 golden eyes (Depths:1)
  4 wargs
  3 wyverns
  28 yaks
  6 fire elementals
  4 hogs (D:7)
  5 basilisks
  5 vampire mosquitoes (Lair:5)
  A naga (shapeshifter) (Elf:2)
  3 acid dragons
  Menkaure (D:6)
  34 nagas
  A water moccasin (shapeshifter) (D:14)
  Duvessa (D:4)
  18 water moccasins
  3 hell hounds (Snake:3)
  37 orc warriors
  A sky beast (D:6)
  4 black bears
  10 ogres
  10 centaurs
  A tengu (shapeshifter) (Elf:1)
  17 wolves
  A phantom (D:6)
  8 kobold brigands
  Blork the orc (D:6)
  19 bullfrogs
  A brain worm (shapeshifter) (D:14)
  A gnoll sergeant (D:7)
  An earth elemental (Elf:1)
  5 scorpions
  8 wights
  Dowan (D:4)
  An electric eel (Lair:1)
  3 howler monkeys
  A bombardier beetle (D:6)
  A gnoll bouda (D:8)
  3 hounds
  14 orc priests
  Jessica (D:2)
  6 iguanas
  11 orc wizards
  Robin (D:4)
  21 gnolls
  8 adders
  3 shadow imps
  2 white imps (D:6)
  An ufetubus (D:6)
  2 ribbon worms
  3 dart slugs
  76 orcs
  4 ball pythons
  10 endoplasms
  4 giant cockroaches
  8 hobgoblins
  4 jackals
  5 quokkas
  2 bats
  3 frilled lizards
  22 goblins
  29 kobolds
  6 rats
1286 creatures vanquished.

Vanquished Creatures (collateral kills)
  Bai Suzhen (Elf:3)
  Polyphemus (Shoals:2)
  Donald (Snake:1)
  A merfolk siren (Lair:3)
  An orc warrior (Orc:2)
  A centaur (Orc:2)
  An iguana (D:4)
7 creatures vanquished.

Vanquished Creatures (others)
  A deep elf zephyrmancer (Elf:3)
  An arcanist (D:9)
  An air elemental (Elf:2)
  A fire bat (Depths:4)
  3 orcs
7 creatures vanquished.

Grand Total: 1300 creatures vanquished

Notes
Turn   | Place    | Note
-------+----------+-------------------------------------------
     0 | D:1      | olmar the Mountain Dwarf Earth Elementalist began the quest
                  | for the Orb.
     0 | D:1      | Reached XP level 1. HP: 14/14 MP: 3/3
   110 | D:1      | Reached skill level 1 in Conjurations
   220 | D:1      | Reached XP level 2. HP: 20/20 MP: 1/5
   840 | D:1      | Reached skill level 4 in Earth Magic
  1113 | D:1      | Reached XP level 3. HP: 26/26 MP: 4/6
  1553 | D:2      | Learned a level 3 spell: Stone Arrow
  1616 | D:2      | Learned a level 3 spell: Passwall
  1907 | D:2      | Noticed Jessica
  1909 | D:2      | Killed Jessica
  1910 | D:2      | Reached XP level 4. HP: 33/33 MP: 4/8
  2073 | D:3      | Found a faded altar of an unknown god.
  2101 | D:3      | Reached skill level 5 in Earth Magic
  2107 | D:3      | Reached XP level 5. HP: 25/38 MP: 1/9
  2243 | D:3      | Found a burning altar of Makhleb.
  2904 | D:4      | Noticed Dowan
  2905 | D:4      | Noticed Duvessa
  2988 | D:4      | Reached XP level 6. HP: 39/45 MP: 5/12
  3248 | D:4      | Killed Duvessa
  3249 | D:4      | Reached skill level 6 in Earth Magic
  3261 | D:4      | Killed Dowan
  3267 | D:4      | Reached XP level 7. HP: 37/51 MP: 3/14
  3385 | D:4      | Found a runed translucent gate.
  3385 | D:4      | Found a runed translucent gate.
  3385 | D:4      | Found a runed translucent gate.
  3386 | D:4      | Noticed Biggs's ghost (amateur CoHu)
  3419 | D:4      | Noticed Robin
  3433 | D:4      | Killed Robin
  3784 | D:5      | Entered Level 5 of the Dungeon
  3808 | D:5      | Found a staircase to the Ecumenical Temple.
  3819 | Temple   | Entered the Ecumenical Temple
  3849 | Temple   | Became a worshipper of the Shining One
  3924 | D:5      | Reached skill level 5 in Spellcasting
  3959 | D:5      | Reached skill level 1 in Armour
  4027 | D:5      | Reached skill level 7 in Earth Magic
  4590 | D:5      | Reached XP level 8. HP: 58/58 MP: 14/16
  4706 | D:5      | Identified the +3 spear "Vubyeng" {venom, rC+}
  4808 | D:5      | Noticed ShinQuickMan's ghost (amateur HuCj)
  4879 | D:5      | Found a transporter.
  4885 | D:5      | Found a transporter.
  4951 | D:5      | Found a blossoming altar of Fedhas.
  5063 | D:6      | Noticed Blork the orc
  5067 | D:6      | Killed Blork the orc
  5408 | D:6      | Reached * piety under the Shining One
  5435 | D:6      | Reached skill level 8 in Earth Magic
  5475 | D:6      | Reached skill level 1 in Fighting
  5946 | D:6      | Noticed Menkaure
  5952 | D:6      | Killed Menkaure
  5958 | D:6      | Learned a level 4 spell: Brom's Barrelling Boulder
  5963 | D:6      | Learned a level 4 spell: Petrify
  6275 | D:7      | Reached XP level 9. HP: 67/67 MP: 19/19
  6287 | D:7      | Reached skill level 9 in Earth Magic
  6405 | D:7      | Found a flagged portal.
  6415 | Bailey   | Entered a bailey
  6966 | Bailey   | Reached skill level 10 in Earth Magic
  7066 | Bailey   | Noticed Prince Ribbit
  7068 | Bailey   | Noticed a vault guard
  7068 | Bailey   | Reached ** piety under the Shining One
  7094 | Bailey   | Killed a vault guard
  7095 | Bailey   | Reached XP level 10. HP: 72/74 MP: 8/22
  7095 | Bailey   | Killed Prince Ribbit
  7350 | Bailey   | Noticed a vault guard
  7699 | Bailey   | Killed a vault guard
  7961 | D:7      | You fall into a shaft and drop 3 floors!
  7961 | D:10     | Entered Level 10 of the Dungeon
  8131 | D:9      | Found a sparkling altar of Nemelex Xobeh.
  8153 | D:9      | Noticed a two-headed ogre
  8164 | D:9      | Killed a two-headed ogre
  8165 | D:9      | Reached skill level 11 in Earth Magic
  8165 | D:9      | Reached skill level 1 in Alchemy
  8248 | D:9      | Found a snail-covered altar of Cheibriados.
  8248 | D:9      | Found a shimmering blue altar of Sif Muna.
  8249 | D:9      | Found an opulent altar of Gozag.
 10157 | D:7      | Reached XP level 11. HP: 72/82 MP: 1/24
 10551 | D:8      | Noticed Psyche
 10557 | D:8      | Killed Psyche
 10558 | D:8      | Reached skill level 10 in Spellcasting
 10616 | D:8      | Found an ornate altar of the Wu Jian Council.
 11018 | D:9      | Found a hazy altar of Hepliaklqana.
 11127 | D:9      | Found a bloodstained altar of Trog.
 11128 | D:9      | Noticed a wizard
 11133 | D:9      | Killed a wizard
 11307 | D:9      | Reached skill level 12 in Earth Magic
 11622 | D:10     | Reached *** piety under the Shining One
 11717 | D:10     | Reached skill level 1 in Evocations
 11955 | D:10     | Found a stormy altar of Qazlal.
 12158 | D:10     | Found a roughly hewn altar of Beogh.
 12161 | D:10     | Found a staircase to the Orcish Mines.
 12177 | D:10     | Reached skill level 5 in Conjurations
 12345 | D:10     | Found a shadowy altar of Dithmenos.
 12442 | D:10     | Found an ancient bone altar of Kikubaaqudgha.
 12593 | D:10     | Found a runed translucent gate.
 12594 | D:10     | Found a runed translucent gate.
 12594 | D:10     | Found a runed translucent gate.
 12594 | D:10     | Found an opulent altar of Gozag.
 12597 | D:10     | Noticed a centaur warrior
 12601 | D:10     | Noticed a centaur warrior
 12604 | D:10     | Noticed tinescath's ghost (novice GrEE)
 13243 | D:11     | Reached skill level 13 in Earth Magic
 13439 | D:11     | Noticed a catoblepas
 13440 | D:11     | Noticed a white ugly thing
 13459 | D:11     | Killed a white ugly thing
 13719 | D:11     | Reached skill level 1 in Staves
 13747 | D:11     | Reached **** piety under the Shining One
 13817 | D:11     | Reached XP level 12. HP: 89/89 MP: 26/27
 14088 | D:11     | Found a staircase to the Lair.
 14111 | D:11     | Identified the staff of the Pits of Slime {rPois Will- Summ
                  | Air Earth}
 14111 | D:11     | Identified the ring "Hitt" {rElec rCorr MP+9 Str-3 Stlth+}
 14806 | D:11     | Noticed an ogre mage
 14809 | D:11     | Killed an ogre mage
 15024 | Lair:1   | Entered Level 1 of the Lair of Beasts
 15304 | Lair:1   | Noticed Amaemon
 15311 | Lair:1   | Killed Amaemon
 15598 | Lair:1   | Reached skill level 5 in Armour
 16264 | Lair:2   | Reached skill level 14 in Earth Magic
 17127 | Lair:2   | Reached XP level 13. HP: 96/96 MP: 29/29
 17770 | Lair:2   | Found the brooch of Shielding {Spirit SH+8}
 18495 | Lair:3   | Noticed Nessos
 18522 | Lair:3   | Killed Nessos
 18787 | Lair:3   | Noticed Gastronok
 18950 | Lair:3   | Killed Gastronok
 19289 | Lair:3   | Found a staircase to the Shoals.
 19753 | Lair:3   | Found a staircase to the Snake Pit.
 20172 | Orc:1    | Entered Level 1 of the Orcish Mines
 20722 | Orc:1    | Found an ornate altar of the Wu Jian Council.
 20722 | Orc:1    | Found a transporter.
 20732 | Orc:1    | Found a transporter.
 20742 | Orc:1    | Found a transporter.
 20787 | Orc:1    | Found a transporter.
 20788 | Orc:1    | Found an ornate altar of the Wu Jian Council.
 20788 | Orc:1    | Noticed an orc warlord
 20826 | Orc:2    | Entered Level 2 of the Orcish Mines
 20964 | Orc:2    | Noticed an orc warlord
 20964 | Orc:2    | Found a staircase to the Elven Halls.
 21194 | D:12     | Reached ***** piety under the Shining One
 21375 | D:12     | Reached skill level 15 in Earth Magic
 21703 | D:12     | Identified the +11 plate armour "Kuyxucwa" {MP+9}
 21801 | D:12     | Noticed a fire dragon
 21922 | D:12     | Killed a fire dragon
 23103 | D:13     | Reached XP level 14. HP: 105/105 MP: 31/31
 23410 | D:13     | Found a gate to the Vaults.
 23769 | D:13     | Reached skill level 5 in Fighting
 23769 | D:13     | Reached skill level 10 in Conjurations
 23769 | D:13     | Reached skill level 16 in Earth Magic
 23769 | D:13     | Reached XP level 15. HP: 113/113 MP: 32/32
 23770 | D:13     | Reached XP level 16. HP: 123/123 MP: 33/33
 23870 | D:13     | Found a large runed translucent door.
 23870 | D:13     | Found a large runed translucent door.
 23871 | D:13     | Noticed jamsaran's ghost (journeyman TeSu)
 26166 | Lair:4   | Noticed Snorg
 26252 | Lair:3   | Killed Snorg
 27754 | Lair:5   | Entered Level 5 of the Lair of Beasts
 27771 | Lair:4   | Reached skill level 17 in Earth Magic
 29105 | Lair:5   | Identified the dragon-blood talisman of Zorauru {+Blink
                  | rElec rF- Int+3}
 29372 | Lair:5   | Noticed Sonja
 29376 | Lair:5   | Killed Sonja
 29388 | Lair:5   | Identified the +10 arbalest "Trog's Wrath" {drain, Str+2
                  | Int+3}
 29785 | Lair:5   | Found a viscous altar of Jiyva.
 29786 | Lair:5   | Found a staircase to the Slime Pits.
 30375 | D:14     | Found Fufili's Assorted Antiques.
 30379 | D:14     | Bought a potion of curing for 120 gold pieces
 30379 | D:14     | Bought a scroll of identify for 80 gold pieces
 30379 | D:14     | Bought a scroll of identify for 80 gold pieces
 30379 | D:14     | Bought a scroll of identify for 80 gold pieces
 30721 | D:14     | Found Caelunlitzu's Assorted Antiques.
 30801 | D:14     | Reached XP level 17. HP: 129/129 MP: 35/35
 30851 | D:14     | Found Wake's Magic Scroll Shoppe.
 30856 | D:14     | Bought a scroll of identify for 26 gold pieces
 30856 | D:14     | Bought a scroll of identify for 26 gold pieces
 30856 | D:14     | Bought a scroll of identify for 26 gold pieces
 30856 | D:14     | Bought a scroll of brand weapon for 123 gold pieces
 30938 | D:14     | Found Pipiuf's Assorted Antiques.
 30946 | D:14     | Bought a scroll of teleportation for 114 gold pieces
 30946 | D:14     | Bought a scroll of identify for 76 gold pieces
 30946 | D:14     | Bought 2 potions of heal wounds for 380 gold pieces
 31263 | D:15     | Entered Level 15 of the Dungeon
 31350 | D:15     | Found Sigo's Weapon Shoppe.
 31486 | D:15     | Got the Handbook of Collected Battle Magic
 31521 | D:15     | Reached ****** piety under the Shining One
 32006 | D:15     | Found Xahebb's Distillery.
 32015 | D:15     | Bought a potion of curing for 42 gold pieces
 32015 | D:15     | Bought a potion of heal wounds for 70 gold pieces
 32015 | D:15     | Bought 2 potions of curing for 84 gold pieces
 32015 | D:15     | Bought a potion of curing for 42 gold pieces
 32161 | D:15     | Found Pijuge's Jewellery Boutique.
 32548 | D:15     | Found a staircase to the Depths.
 33135 | Orc:2    | Reached skill level 15 in Spellcasting
 33827 | Orc:2    | Found a roughly hewn altar of Beogh.
 33923 | Orc:2    | Found Jodde's Antique Weapon Emporium.
 33923 | Orc:2    | Found Plog's Weapon Shop.
 33925 | Orc:2    | Found Yguick's Weapon Boutique.
 33927 | Orc:2    | Found Fiov's Distillery.
 33939 | Orc:2    | Bought a potion of enlightenment for 90 gold pieces
 33939 | Orc:2    | Bought a potion of heal wounds for 90 gold pieces
 33939 | Orc:2    | Bought a potion of haste for 180 gold pieces
 33939 | Orc:2    | Bought a potion of curing for 54 gold pieces
 33939 | Orc:2    | Bought 2 potions of curing for 108 gold pieces
 33939 | Orc:2    | Bought a potion of curing for 54 gold pieces
 33997 | Elf:1    | Entered Level 1 of the Elven Halls
 34006 | Elf:1    | Reached skill level 18 in Earth Magic
 34135 | Elf:1    | Noticed Nikola
 34169 | Elf:1    | Killed Nikola
 35126 | Elf:1    | Found a runed translucent gate.
 35126 | Elf:1    | Found a runed translucent gate.
 35127 | Elf:1    | Found a runed translucent gate.
 35128 | Elf:1    | Noticed Xuahaunu's ghost (adept MfIE)
 35130 | Elf:1    | Noticed Viaheush's ghost (journeyman GnWn)
 36151 | Elf:1    | Noticed Lorhegae's ghost (veteran FoDe)
 36414 | Elf:2    | Found a flickering gateway to a bazaar.
 36424 | Elf:2    | Identified the +0 ring mail of Responsibility {Str+4 Dex+3}
 36432 | Bazaar   | Entered a bazaar
 36461 | Bazaar   | Found Laysm's Magic Scroll Shop.
 36492 | Bazaar   | Found Eggysch's Magic Scroll Shop.
 36515 | Bazaar   | Found Edirionk's Distillery.
 36541 | Bazaar   | Found Hukhou Koome's Distillery.
 36571 | Bazaar   | Bought a potion of curing for 48 gold pieces
 36571 | Bazaar   | Bought a potion of curing for 48 gold pieces
 36571 | Bazaar   | Bought a potion of brilliance for 64 gold pieces
 36571 | Bazaar   | Bought a potion of heal wounds for 80 gold pieces
 36591 | Bazaar   | Bought a potion of curing for 51 gold pieces
 36610 | Bazaar   | Bought a scroll of teleportation for 27 gold pieces
 36640 | Bazaar   | Bought a scroll of enchant armour for 82 gold pieces
 36680 | Elf:2    | Reached skill level 10 in Armour
 36848 | Elf:2    | Got the Quarto of the Lungs
 37183 | Elf:2    | Identified the +2 pair of gloves of the World {Harm rElec
                  | Str-3 Slay+4}
 37958 | Elf:2    | Found a huge runed translucent gate.
 37960 | Elf:2    | Found a huge runed translucent gate.
 37965 | Elf:2    | Found a huge runed translucent gate.
 37966 | Elf:2    | Found a huge runed translucent gate.
 37966 | Elf:2    | Found a huge runed translucent gate.
 38220 | Depths:1 | Entered Level 1 of the Depths
 38532 | Shoals:1 | Entered Level 1 of the Shoals
 38853 | Shoals:1 | Identified a scroll of acquirement
 38924 | Shoals:1 | Identified the +4 falchion "Giant's Curse" {flame, rF+++
                  | Will+ rCorr Dex-4}
 39155 | Shoals:1 | Found Liupofuwku's Distillery.
 39171 | Shoals:1 | Bought 2 potions of curing for 66 gold pieces
 39171 | Shoals:1 | Bought a potion of magic for 88 gold pieces
 39316 | Shoals:1 | Reached XP level 18. HP: 137/137 MP: 37/37
 39743 | Shoals:1 | Found a transporter.
 39746 | Shoals:1 | Found the +3 robe of Clouds {*Thunder rCloud rElec}
 39747 | Shoals:1 | Found a transporter.
 39748 | Shoals:1 | Noticed Yxiroum's ghost (adept CoHu)
 39867 | Shoals:1 | Acquired the +0 pair of gloves of Instinct {rN++ Regen+
                  | Str+3 Int-4}
 39928 | Shoals:2 | Noticed Polyphemus
 40099 | Shoals:2 | Killed Polyphemus
 41838 | Shoals:3 | Identified the +1 hand axe "Kigimmol" {pain, rElec Will-
                  | Int+4 Dex+2}
 41852 | Shoals:3 | Found Gyloisod's Jewellery Emporium.
 41858 | Shoals:3 | Reached skill level 19 in Earth Magic
 43185 | Shoals:4 | Entered Level 4 of the Shoals
 43233 | Shoals:4 | Found a shimmering altar of Xom.
 43321 | Shoals:4 | Acquired the +1 hat of the Apothecary {^Drain +Inv Will++
                  | Dex+3}
 43444 | Shoals:4 | Identified the +4 whip "Asoblotip" {drain, ^Drain ^Fragile
                  | rPois Dex+7}
 46715 | Shoals:4 | Got a barnacled rune of Zot
 47077 | Snake:1  | Entered Level 1 of the Snake Pit
 47077 | Snake:1  | Found Utiliqu's Armour Shoppe.
 47116 | Snake:1  | Noticed Asterion
 47164 | Snake:1  | Noticed Donald
 47171 | Snake:1  | Killed Donald
 47895 | Snake:1  | Found Ruilick's Vocational Training.
 48089 | Snake:1  | Killed Asterion
 50043 | Snake:2  | Reached XP level 19. HP: 138/146 MP: 39/39
 50798 | Snake:2  | Found Guuneit's Weapon Shoppe.
 51342 | Snake:2  | Found Nairphya's Book Shoppe.
 51371 | Snake:2  | You fall into a shaft and drop 1 floor!
 51528 | Snake:3  | Reached skill level 20 in Earth Magic
 51682 | Snake:3  | Identified the serpent talisman of Hoysagom {SInv Stlth+}
 51682 | Snake:3  | Noticed Aizul
 51706 | Snake:3  | Killed Aizul
 51783 | Snake:3  | Reached skill level 15 in Conjurations
 51938 | Snake:3  | Identified the +4 trident of Collusion {distort, rElec
                  | rCorr Str-3 Int+2}
 51996 | Snake:3  | Noticed Azrael
 52014 | Snake:3  | Killed Azrael
 52276 | Snake:3  | Identified the +6 scale mail "Zuanuk" {rCorr}
 52880 | Snake:4  | Entered Level 4 of the Snake Pit
 54419 | Snake:4  | Noticed Saint Roka
 54995 | Snake:4  | Noticed Vashnia
 55246 | Snake:4  | Killed Saint Roka
 55500 | Snake:4  | Got the Annotations on Direction and Vapour
 56273 | Snake:4  | Killed Vashnia
 56984 | Snake:4  | Found Nuoskuff's Jewellery Emporium.
 57011 | Snake:4  | Found Xaoteuv's Jewellery Shop.
 57012 | Snake:4  | Found Nehotala's Assorted Antiques.
 57012 | Snake:4  | Found Puxuff's Assorted Antiques.
 57278 | Snake:4  | Got a serpentine rune of Zot
 58405 | D:15     | Upgraded the game from 0.32-a0-886-g41c5271027 to
                  | 0.32-a0-898-g7811c86cf0
 58703 | Elf:3    | Entered Level 3 of the Elven Halls
 58788 | Elf:3    | Noticed Roxanne
 58808 | Elf:3    | Killed Roxanne
 59102 | Elf:3    | Found Ceaff's Assorted Antiques.
 59283 | Elf:3    | Paralysed by an air elemental for 1 turns
 59394 | Elf:3    | Paralysed by an air elemental for 1 turns
 59427 | Elf:3    | Reached XP level 20. HP: 155/155 MP: 16/41
 59586 | Elf:3    | Noticed Bai Suzhen
 59610 | Elf:3    | Learned a level 5 spell: Iskenderun's Battlesphere
 60148 | Elf:3    | Reached skill level 21 in Earth Magic
 61279 | Elf:3    | Identified the +6 broad axe of the Lesser Evil {freeze, rN+
                  | MP+9}
 61279 | Elf:3    | Identified the +9 plate armour of Ceviluh {+Blink rCorr
                  | MP+9}
 61382 | Elf:3    | Identified the +6 mace "Kerphupeas" {spect, rN+++ Will-
                  | Int+6 Dex-3}
 61748 | Elf:3    | Identified the amulet of the Establishment {rF+ RegenMP+
                  | Int+2 Slay-6}
 62433 | Elf:3    | Identified the staff "Wierphin" {Fly rElec rPois rN+ Dex+2
                  | Air}
 62435 | Elf:3    | Got the Anthology of Citrinitas
 62491 | Elf:3    | Got Ehyaf's Quarto of Weather
 62643 | Elf:3    | Killed Bai Suzhen
 62910 | Elf:3    | Learned a level 6 spell: Permafrost Eruption
 62918 | Elf:3    | Learned a level 7 spell: Orb of Destruction
 63470 | Depths:1 | Found a gateway to Hell.
 63737 | Depths:1 | HP: 2/155 [red very ugly thing (23)]
 64062 | Depths:1 | Reached skill level 1 in Invocations
 64894 | Depths:1 | Found a one-way gate to the infinite horrors of the Abyss.
 65062 | Depths:1 | Gained mutation: You occasionally lose the ability to read
                  | scrolls when taking damage. [a shining eye]
 65954 | Depths:1 | Gained mutation: You are clumsy. (Dex -2) [a shining eye]
 66040 | Depths:1 | Identified the +6 shortbow of Ruxif {speed, rElec}
 66714 | Depths:2 | Noticed a juggernaut
 66724 | Depths:2 | Killed a juggernaut
 67495 | Depths:2 | Identified the +3 ring mail of Calculation {Rampage rC+}
 67929 | Depths:2 | Found Ira Tami's Antique Armour Shoppe.
 67936 | Depths:2 | Bought a distressingly furry cloak for 266 gold pieces
 67936 | Depths:2 | Identified the +0 cloak "Dukom" {rElec Will+} (You bought
                  | it in a shop on level 2 of the Depths)
 67936 | Depths:2 | Found Xeptatun's Magic Scroll Emporium.
 68057 | Depths:2 | Bought a scroll of blinking for 105 gold pieces
 68057 | Depths:2 | Bought a scroll of poison for 56 gold pieces
 68219 | Depths:2 | Reached skill level 5 in Invocations
 68393 | Depths:2 | Reached XP level 21. HP: 66/161 MP: 25/43
 68784 | Depths:2 | Found a broken altar of Ashenzari.
 69219 | Depths:2 | Found a one-way gate leading to the halls of Pandemonium.
 70068 | Depths:3 | Reached skill level 22 in Earth Magic
 70435 | Depths:3 | Noticed a golden dragon
 70446 | Depths:3 | Killed a golden dragon
 70575 | Depths:3 | Found a one-way gateway to a ziggurat.
 71336 | Depths:3 | Noticed Sojobo
 72434 | Depths:3 | Killed Sojobo
 72516 | Depths:4 | Entered Level 4 of the Depths
 72557 | Depths:4 | Found a flickering gateway to a bazaar.
 72567 | Bazaar   | Entered a bazaar
 72621 | Bazaar   | Found Liras's Antique Weapon Shoppe.
 72637 | Bazaar   | Found Buyzeoxa's General Store.
 72653 | Bazaar   | Found Fipykot's Weapon Shoppe.
 72653 | Bazaar   | Found Zagez's Jewellery Emporium.
 72697 | Bazaar   | Bought the ring "Xezeggur" {rElec Will+ Int+5} for 445 gold
                  | pieces
 72723 | Bazaar   | Bought a potion of curing for 33 gold pieces
 72723 | Bazaar   | Bought a scroll of teleportation for 33 gold pieces
 73457 | Depths:4 | Noticed a golden dragon
 73471 | Depths:4 | Killed a golden dragon
 73620 | Depths:4 | Noticed a golden dragon
 73628 | Depths:4 | Slain by a sun demon

Illustrated notes

Levels and vault maps discovered:
D:1:      minmay_arrival_three_doors, layout_basic, minivault_24
D:2:      layout_loops_ring, uniq_jessica
D:3:      layout_basic, mainiacjoe_overflow_small_starburst,
          hellmonk_ecumenical_altar_slurped_away, minmay_misc_feat_room
D:4:      layout_basic, gammafunk_ghost_necromancy, uniq_robin, uniq_duvessa
D:5:      layout_loops_ring, amcnicky_altar_gilded, temple_pool_b,
          gammafunk_ghost_gnarly_gnolls, hex_large, nrook_mini_backslash
D:6:      layout_loops_ring, minmay_joined_circles, uniq_menkaure,
          uniq_blork_the_orc
D:7:      layout_loops_ring, enter_bailey_3, grunt_livestock,
          lemuel_flamethrower_2
D:8:      layout_rooms, pdpol_wu_jian_five_deadly_venoms, chequers_mini_garden,
          uniq_psyche
D:9:      layout_basic, trog_wizard, nicolae_hepliaklqana_hippocampus,
          chequers_temple_overflow_statue_of_worship, lemuel_round_altar
D:10:     layout_basic, kennysheep_little_box, lemuel_doored_altar,
          grunt_dithmenos_shadows, david_orc_5, ebering_ghost_gozag
D:11:     minmay_the_grid_four_pointed_star
          [minmay_the_grid_triangle_9x9_pentomino_pain,
          minmay_the_grid_triangle_9x9_flanged_cone,
          minmay_the_grid_triangle_9x9_swiss_cheese,
          minmay_the_grid_triangle_9x9_alien,
          minmay_the_grid_prize_shrinking_boxes], layout_basic,
          david_lair_generic
D:12:     layout_roguey, minmay_mirror_moons_of_madness
D:13:     layout_stronghold, grunt_vaults_entry_tiered,
          ebering_ghost_disaster_area, minivault_26
D:14:     layout_gridville, serial_shops, shop, nicolae_shop_just_a_little_nook,
          nicolae_shop_real_fake_doors, shop, serial_bayou_ford_a, minivault_24,
          amcnicky_mini_corridor_feature
D:15:     hangedman_depths_entry_civil_slaughter, layout_long_grid,
          serial_shops, shop, shop, shop
Temple:   compressed_dpeg_circular_temple
Lair:1:   beast_lair_carwin_large_2, layout_regular_city, st_stairs_6,
          infiniplex_staircase_pool, uniq_amaemon
Lair:2:   nzn_winding_woodlands_medium [nzn_winding_woodlands_5x5_perimeter,
          nzn_winding_woodlands_5x15_sawtooth, nzn_winding_woodlands_5x5_cross,
          nzn_winding_woodlands_5x5_three,
          nzn_winding_woodlands_center_diamonds,
          nzn_winding_woodlands_5x5_open_star, nzn_winding_woodlands_hourglass,
          nzn_winding_woodlands_5x15_river_crossing,
          nzn_winding_woodlands_5x5_closed_star], layout_layer_cave
Lair:3:   layout_hall_layers, elwin_shoals_entry_stream,
          alex1729_snake_entry_snake, uniq_gastronok, uniq_nessos
Lair:4:   layout_regular_city, grunt_megastairs_4, uniq_snorg
Lair:5:   minmay_lair_end_frog_pond, layout_hall_layers,
          dpeg_slime_entry_enclosed, hellmonk_talismancer, uniq_sonja
Shoals:1: layout_shoals, ebering_ghost_davey_jones, serial_shops,
          nicolae_shop_trees
Shoals:2: layout_shoals, uniq_polyphemus
Shoals:3: cheibrodos_shoals_gigantism, layout_shoals, serial_shops,
          nicolae_shop_tiny_statue_garden
Shoals:4: shoals_end_simple, layout_shoals, lemuel_altar_in_water,
          nicolae_shoals_loop_pool
Snake:1:  cheibrodos_snake_lava_hold, layout_onion_interference, serial_shops,
          shop, nicolae_shop_vocational, uniq_asterion, uniq_donald
Snake:2:  layout_rooms, serial_shops, nicolae_shop_bloodbath_and_beyond,
          nicolae_book_shop_shelving
Snake:3:  layout_onion, nicolae_snake_gridmaze_waves, uniq_azrael, uniq_aizul
Snake:4:  johnstein_snake_rune_scales, layout_misc_corridors,
          nicolae_wooded_promenade, uniq_saint_roka
Orc:1:    dreamdust_wu_jian_sword_trials, layout_caves
Orc:2:    st_orc_rangers, layout_caves, minmay_orc_temple_a
Elf:1:    nicolae_elf_arrival_aired_out, layout_onion_city,
          gammafunk_ghost_cemetery, kilobyte_rumbling_trees,
          grunt_ministairs_15, uniq_nikola
Elf:2:    elven_hall_of_blades_hangedman_alternative
          [nicolae_vaults_blade_armed_guards], layout_geoelf_grid, serial_shops,
          bzr_entry_customers
Elf:3:    elf_hall, layout_onion_city, serial_shops, nicolae_shop_peninsula,
          serial_co_window_serial, co_window_paths_a, co_window_corner_a,
          co_window_paths_a, co_window_of_opportunity_a,
          co_window_of_opportunity_a, co_window_paths_b, co_window_corner_a,
          co_window_corner_a, co_window_corner_a, co_window_paths_c,
          co_window_cross_4, co_window_of_opportunity_b, co_window_broadway_b,
          glass_columns_a, glass_columns_c, grunt_ministairs_11, uniq_roxanne,
          uniq_bai_suzhen
Depths:1: layout_roguey, chequers_serial_rivers_micro_b,
          regret_index_abyss_entry_earlier_magic, hell_entry,
          hangedman_eye_storm
Depths:2: minmay_shrinking_squares, layout_basic, nicolae_ashenzari_skybound,
          hell_entry, pan_entry, abyss_entry_small_statue_room,
          minmay_staircase_statues_hall_small, minmay_shoptagon
Depths:3: minmay_curly_fans, layout_gridlike, enter_ziggurat_c, hell_entry,
          abyss_entry, serial_curves, eino_curves_03, eino_curves_03,
          eino_curves_02, eino_curves_01, serial_sigils_hangedman_writhe,
          rand_demon_pan_entry_3, uniq_sojobo
Depths:4: grunt_zot_entry_pinwheel, layout_cave_shapes, hellmouth_1,
          minmay_misc_feat_encased, grunt_pan_entry_spiral, serial_shops,
          freezing_bzr

Skill      XL: |  1  2  3  4  5  6  7  8  9 10 11 12 13 14 15 16 17 18 19 20 21 |
---------------+----------------------------------------------------------------+-----
Conjurations   | 1 3 4 6 8 9 10 12 13 14 15 16 | 16.5
Spellcasting   | 2 3 4 5 7 8 9 11 12 13 14 15 16 17 18 19 | 19.5
Earth Magic    | 4 5 6 7 8 10 11 13 14 15 16 17 18 19 20 21 22 | 22.6
Armour         | 2 3 4 5 6 7 8 10 11 12 13 14 | 14.0
Fighting       | 2 3 4 5 6 7 8 |  8.3
Alchemy        | 1 2 |  2.8
Evocations     | 2 3 4 |  4.6
Staves         | 1 2 3 |  3.5
Invocations    | 5 8 |  8.4
Dodging        | |  1.3
Stealth        | |  1.4
Ice Magic      | |  0.2

Action                     |  1- 3 |  4- 6 |  7- 9 | 10-12 | 13-15 | 16-18 | 19-21 || total
---------------------------+-------+-------+-------+-------+-------+-------+-------++-------
  Melee: Dagger            |       |       |    17 |       |       |       |       ||    17
         Staff             |       |       |       |    40 |    10 |   184 |   195 ||   429
         Falchion          |       |       |       |       |       |    15 |     6 ||    21
  Throw: Dart              |       |       |       |       |       |     7 |     6 ||    13
         Throwing net      |       |       |       |       |       |     6 |     6 ||    12
   Cast: Sandblast         |    52 |    67 |   128 |    23 |     8 |     3 |    20 ||   301
         Stone Arrow       |       |       |    48 |   394 |   301 |  1476 |   793 ||  3012
         Brom's Barrelling |       |       |     3 |     2 |     2 |       |     6 ||    13
         Petrify           |       |       |       |    14 |     5 |     7 |     6 ||    32
         Passwall          |       |       |       |     1 |       |       |     5 ||     6
         Permafrost Erupti |       |       |       |       |       |       |   204 ||   204
         Orb of Destructio |       |       |       |       |       |       |   146 ||   146
         Iskenderun's Batt |       |       |       |       |       |       |    21 ||    21
 Invoke: Divine Shield     |       |       |       |     1 |       |       |     1 ||     2
         Cleansing Flame   |       |       |       |       |       |       |     1 ||     1
  Evoke: Wand              |       |       |       |    13 |     9 |    32 |    39 ||    93
         Box of beasts     |       |       |       |       |     1 |     4 |     4 ||     9
         Condenser vane    |       |       |       |       |       |     4 |     3 ||     7
         Gell's gravitambo |       |       |       |       |       |     2 |     4 ||     6
    Use: Scroll            |     2 |     4 |     6 |    12 |     4 |    17 |    30 ||    75
         Potion            |       |       |     6 |       |     2 |     6 |    11 ||    25
 Armour: Robe              |     8 |     9 |       |       |       |       |       ||    17
         Ring mail         |       |    24 |    29 |       |       |       |       ||    53
         Leather armour    |       |       |    63 |    41 |       |       |       ||   104
         Troll leather arm |       |       |       |   149 |   100 |       |       ||   249
         Plate armour      |       |       |       |       |    92 |  1598 |  1247 ||  2937
  Dodge: Dodged            |     8 |    13 |    60 |    92 |    52 |   220 |   209 ||   654
  Block: Other             |       |       |       |    11 |    67 |   398 |   205 ||   681

Table legend: (Time is in decaauts)
 A = Elapsed time spent in this place.
 B = Non-inter-level travel time spent in this place.
 C = Inter-level travel time spent in this place.
 D = Time resting spent in this place.
 E = Time spent auto-exploring this place.
 F = Levels seen in this place.
 G = Mean time per level.
                   A        B        C        D        E       F      G
               +--------+--------+--------+--------+--------+-----+--------+
         Total |  74307 |  71264 |   3043 |  27305 |  34039 |  41 | 1812.4 |
       Dungeon |  21400 |  19807 |   1593 |   3723 |  13422 |  15 | 1426.7 |
        Temple |     52 |     52 |      0 |      0 |      0 |   1 |   52.0 |
          Lair |   9698 |   9089 |    609 |   2144 |   5850 |   5 | 1939.6 |
        Shoals |   8884 |   8740 |    144 |   3439 |   3803 |   4 | 2221.0 |
     Snake Pit |  10353 |  10184 |    169 |   5466 |   3496 |   4 | 2588.2 |
  Orcish Mines |   2752 |   2662 |     90 |   1190 |   1011 |   2 | 1376.0 |
   Elven Halls |   8333 |   8051 |    282 |   3415 |   3603 |   3 | 2777.7 |
        Depths |  10872 |  10718 |    154 |   6814 |   2523 |   4 | 2718.0 |
        Bazaar |    412 |    412 |      0 |      0 |    234 |   2 |  206.0 |
        Bailey |   1545 |   1545 |      0 |   1113 |     96 |   1 | 1545.0 |
               +--------+--------+--------+--------+--------+-----+--------+

Top non-repeatable levels by time:
Depths:1: 4293 daAuts
 Snake:4: 4245 daAuts
   Elf:3: 4242 daAuts
Shoals:3: 3585 daAuts
 Snake:1: 3271 daAuts
Depths:2: 3091 daAuts
    D:11: 2692 daAuts
Depths:3: 2562 daAuts
   Elf:1: 2550 daAuts
  Lair:2: 2313 daAuts
  Lair:3: 2302 daAuts
    D:13: 2294 daAuts
Shoals:4: 2274 daAuts
  Lair:5: 1943 daAuts
    D:15: 1917 daAuts
